 Crawl Stoat Soup version 0.23-ish-327-104-g30f0781d17 (console) character file.

3288 hilarita the Frost Mage (level 10, 0/64 HPs)
             Began as a Faerie Dragon Ice Elementalist on Apr 20, 2024.
             Was a Believer of Sif Muna.
             Killed from afar by a gargoyle (13 damage)
             ... with a stone arrow
             ... on level 8 of the Dungeon on Apr 21, 2024.
             The game lasted 00:19:49 (8024 turns).

hilarita the Frost Mage (FDIE)                      Turns: 8024, Time: 00:19:50

Health: 0/64       AC: 15    Str:  6    XL:     10   Next: 1%
Magic:  2/19       EV: 14    Int: 21    God:    Sif Muna [**....]
Gold:   458        SH:  6    Dex: 14    Spells: 7/21 levels left

rFire    . . .     SeeInvis .   f - +4 spear
rCold    . . .     Gourm    .   (shield restricted)
rNeg     . . .     Faith    .   (armour unavailable)
rPois    .         Spirit   .   (helmet restricted)
rElec    .         Warding  .   (no cloak)
rCorr    .         Reflect  .   (no gloves)
MR       +....     Harm     .   (no boots)
Stlth    +.........             (no amulet)
HPRegen  0.20/turn              x - ring of ice
MPRegen  0.16/turn              w - ring of fire

@: icy armour, flying, slow
A: small, sparkly, unfitting armour, magic attunement, magical scales, able to
fly
a: Stop Flying, Divine Energy, Renounce Religion


You were on level 8 of the Dungeon.
You worshipped Sif Muna.
Sif Muna was pleased with you.
You were not hungry.

You visited 2 branches of the dungeon, and saw 9 of its levels.

You collected 458 gold pieces.

Inventory:

Hand Weapons
 f - a +4 spear (weapon)
Missiles
 y - 54 arrows
Jewellery
 c - an uncursed ring of wizardry
 p - a +3 ring of evasion
 r - a +2 ring of strength
 w - a ring of fire (right hand)
 x - a ring of ice (left hand)
Wands
 C - a wand of acid (6 charges)
 E - a wand of iceblast (12 charges)
Scrolls
 k - 5 scrolls of teleportation
 n - 2 scrolls of magic mapping
 q - a scroll of fog
 u - 3 scrolls of remove curse
 v - 2 scrolls of amnesia
 z - a scroll of enchant weapon
 B - a scroll of enchant armour
 F - a scroll of noise
Potions
 a - a potion of magic
 d - a potion of brilliance
 e - a potion of might
 g - 4 potions of cancellation
 h - 4 potions of ambrosia
 i - 2 potions of resistance
 j - 2 potions of berserk rage
 l - 5 potions of curing
 m - 2 potions of mutation
 o - a potion of lignification {unknown}
 s - 2 potions of flight {unknown}
 A - 2 potions of heal wounds
Comestibles
 b - 8 bread rations
 t - 2 meat rations
 D - a chunk of flesh


   Skills:
 + Level 4.2 Fighting
 - Level 2.1 Dodging
 - Level 1.2 Stealth
 + Level 6.0 Spellcasting
 + Level 6.0 Conjurations
 + Level 4.7 Charms
 + Level 4.3 Summonings
 * Level 9.5 Ice Magic
 + Level 3.7 Invocations


You had 7 spell levels left.
You knew the following spells:

 Your Spells              Type           Power        Failure   Level  Hunger
a - Freeze                Ice            25/25        1%          1    None
b - Throw Frost           Conj/Ice       50/50        1%          2    None
c - Ozocubu's Armour      Chrm/Ice       53/100       1%          3    None
d - Summon Ice Beast      Ice/Summ       52/100       5%          4    None
e - Throw Icicle          Conj/Ice       55/100       4%          4    None

Your spell library contained the following spells:

 Spells                   Type           Power        Failure   Level  Hunger


Dungeon Overview and Level Annotations

Branches:
Dungeon (8/15)             Temple (1/1) D:4
   Lair: D:8-11

Altars:
Ashenzari
Elyvilon
Fedhas
Gozag
Hepliaklqana Ihp'ix
Kikubaaqudgha
Makhleb
Nemelex Xobeh
Okawaru
Qazlal
Ru
Sif Muna
Trog
Uskayaw
Vehumet
Wu Jian
Xom
Yredelemnul
Zin
The Shining One


Innate Abilities, Weirdness & Mutations

Your sparkly wings attract attention (Stealth-).
You are small and have problems with some larger weapons.
You cannot fit into any form of body armour.
Your spells do not cause hunger; their MP costs are reduced by 1.
Your shimmering scales repel attacks (AC +6, SH +6).
You can fly continuously.


Message History

Confirm with . or Enter, or press ? or * to list all spells.
Aiming: Throw Icicle (safe; 4% risk of failure)
Press: ? - help, Shift-Dir - straight line, f/p - gargoyle
Aim: a gargoyle, wielding a flail You feel a surge of power!
The shard of ice misses the gargoyle.
The shard of ice hits the gargoyle.
The gargoyle hurls a stone arrow at you.
The stone arrow hits you! The gargoyle closely misses you.
Some of the chunks of flesh in your inventory have rotted away.
You see here a mace.
You hit the gargoyle but do no damage. The gargoyle hits you with a flail.
You hit the gargoyle but do no damage. The gargoyle hits you with a flail!
* * * LOW HITPOINT WARNING * * *
The gargoyle hurls a stone arrow at you.
The stone arrow misses you.
Okay, then.
The gargoyle hurls a stone arrow at you.
The stone arrow hits you!
You die...

#....# #h.......8
#....# #..9......
#....# #h.#8#....
#....# #..### .
#....# #...#
#....####...###
#......)9.....######
#...9#####..........
###9## ###........
#.# ########. #@# #.
#.# #. #.#
############ #.#
#........... #.#
#........... #.#
#......†.... #.#
#.......÷...
##.#####...........
#..................
#..####............
#.[................


You could see 2 gargoyles.

Vanquished Creatures
  A gargoyle (D:8)
  Grinder (D:6)
  Eustachio (D:6)
  Edmund (D:4)
  A water moccasin (D:6)
  2 orc warriors
  A black bear (D:7)
  2 ice beasts (D:6)
  3 ogres
  4 bullfrogs
  2 scorpions
  A wight (D:6)
  5 howler monkeys
  3 goliath beetles
  A bullfrog zombie (D:8)
  3 hounds
  3 orc wizards
  4 orc priests
  A gnoll shaman (D:4)
  Jessica (D:3)
  2 iguanas
  5 worker ants
  A hound zombie (D:6)
  A hound skeleton (D:6)
  8 gnolls
  9 adders
  2 shadow imps
  An ufetubus (D:6)
  An ooze (D:1)
  An adder zombie (D:7)
  2 worms
  3 dart slugs
  5 leopard geckos
  27 orcs
  3 ball pythons
  5 giant cockroaches
  4 goblins (D:1)
  3 hobgoblins
  6 jackals (D:1)
  2 weasels
  5 bats
  2 frilled lizards
  2 hobgoblin zombies (D:4)
  A jackal zombie (D:5)
  4 kobolds
  A leopard gecko skeleton (D:4)
  2 orc zombies (D:4)
  10 rats
159 creatures vanquished.

Vanquished Creatures (collateral kills)
  A black bear (D:6)
  An ogre (D:6)
  A bullfrog (D:6)
  A wight (D:6)
  A howler monkey (D:7)
  A mummy (D:4)
  A white imp (D:6)
  An ufetubus (D:6)
8 creatures vanquished.

Vanquished Creatures (others)
  A bullfrog (D:7)
1 creature vanquished.

Grand Total: 168 creatures vanquished

Notes
Turn   | Place    | Note
-------+----------+-------------------------------------------
     0 | D:1      | hilarita the Faerie Dragon Ice Elementalist began the quest
                  | for the Orb.
     0 | D:1      | Reached XP level 1. HP: 11/11 MP: 3/3
   123 | D:1      | Reached skill level 4 in Ice Magic
   123 | D:1      | Reached XP level 2. HP: 15/18 MP: 5/5
   250 | D:1      | Learned a level 2 spell: Throw Frost
   382 | D:1      | Reached XP level 3. HP: 15/22 MP: 7/7
   391 | D:1      | Learned a level 3 spell: Ozocubu's Armour
   853 | D:1      | Reached skill level 1 in Fighting
  1346 | D:2      | Found a stormy altar of Qazlal.
  1389 | D:2      | Reached XP level 4. HP: 28/28 MP: 5/8
  1505 | D:2      | Found a glowing silver altar of Zin.
  1532 | D:2      | Found a stormy altar of Qazlal.
  1532 | D:2      | Found a glowing golden altar of the Shining One.
  1542 | D:2      | Found a shimmering altar of Xom.
  1796 | D:3      | Found a white marble altar of Elyvilon.
  1850 | D:3      | Reached skill level 1 in Charms
  2058 | D:3      | Reached skill level 5 in Ice Magic
  2059 | D:3      | Reached XP level 5. HP: 25/33 MP: 9/9
  2067 | D:3      | Learned a level 4 spell: Summon Ice Beast
  2432 | D:3      | Noticed Jessica
  2443 | D:3      | Killed Jessica
  2846 | D:4      | Found an opulent altar of Gozag.
  2852 | D:4      | Reached XP level 6. HP: 39/39 MP: 11/11
  2960 | D:4      | Reached skill level 1 in Summonings
  2966 | D:4      | Noticed Edmund
  2980 | D:4      | Killed Edmund
  2980 | D:4      | Reached skill level 6 in Ice Magic
  2980 | D:4      | Reached XP level 7. HP: 18/45 MP: 7/13
  2986 | D:4      | Learned a level 4 spell: Throw Icicle
  3191 | D:4      | Found a staircase to the Ecumenical Temple.
  3201 | Temple   | Entered the Ecumenical Temple
  3601 | Temple   | Became a worshipper of Sif Muna the Loreminder
  4066 | D:4      | Found a basalt altar of Yredelemnul.
  4341 | D:5      | Entered Level 5 of the Dungeon
  4814 | D:6      | Reached skill level 1 in Invocations
  4826 | D:6      | Reached XP level 8. HP: 34/51 MP: 9/14
  4831 | D:6      | Reached * piety under Sif Muna
  4934 | D:6      | Noticed Eustachio
  4969 | D:6      | Killed Eustachio
  4969 | D:6      | Reached skill level 7 in Ice Magic
  5565 | D:6      | Reached skill level 5 in Spellcasting
  5896 | D:6      | Reached skill level 8 in Ice Magic
  5901 | D:6      | Reached ** piety under Sif Muna
  5901 | D:6      | Reached XP level 9. HP: 57/57 MP: 16/16
  6333 | D:6      | Noticed Grinder
  6343 | D:6      | Killed Grinder
  6343 | D:6      | Reached skill level 5 in Conjurations
  6619 | D:7      | Noticed hilarita's ghost (novice TrHu)
  6626 | D:7      | Witnessed revenge of hilarita's ghost on an orc warrior.
  6984 | D:7      | Found a hide-covered altar of Uskayaw.
  7224 | D:7      | Reached skill level 9 in Ice Magic
  7985 | D:8      | Noticed a gargoyle
  7986 | D:8      | Noticed a gargoyle
  8003 | D:8      | Noticed a gargoyle
  8004 | D:8      | Noticed a gargoyle
  8014 | D:8      | Killed a gargoyle
  8014 | D:8      | Reached XP level 10. HP: 49/64 MP: 3/19
  8024 | D:8      | Killed from afar by a gargoyle

Vault maps used:
D:1:      minmay_arrival_floating_metal, corexii_corridor_pit
D:2:      chequers_temple_overflow_statue_of_worship, first_bread,
          grunt_qazlal_clouds
D:3:      elyvilon_altar_1, chequers_arboretum, st_stairs_2,
          kennysheep_jessica_study
D:4:      nicolae_overflow_crystal_walls, lemuel_round_altar,
          minmay_temple_entry_crystal_x, serial_glass, glass_columns_b,
          glass_columns_c, minmay_mini_ossuary, uniq_edmund
D:6:      minmay_opposing_rooms, uniq_eustachio, uniq_grinder
D:7:      lemuel_crystal_altar
D:8:      cheibrodos_statue_roulette, uniq_harold
Temple:   nicolae_temple_figure_eight

Skill      XL: |  1  2  3  4  5  6  7  8  9 |
---------------+----------------------------+-----
Ice Magic      | 4 5 6 8 9 |  9.5
Fighting       | 1 2 3 4 |  4.2
Spellcasting   | 3 4 5 6 |  6.0
Conjurations   | 2 3 4 6 |  6.0
Charms         | 1 2 3 4 |  4.7
Summonings     | 1 2 3 4 |  4.3
Invocations    | 1 2 3 |  3.7
Dodging        | |  2.1
Stealth        | |  1.2

Action                   |  1- 3 |  4- 6 |  7- 9 | 10-12 || total
-------------------------+-------+-------+-------+-------++-------
Melee: Spear             |    14 |    31 |   107 |     2 ||   154
 Cast: Freeze            |    52 |    52 |   157 |       ||   261
       Throw Frost       |     1 |    18 |    24 |       ||    43
       Ozocubu's Armour  |     1 |     1 |    16 |       ||    18
       Summon Ice Beast  |       |       |    12 |       ||    12
       Throw Icicle      |       |       |    35 |     1 ||    36
  Use: Scroll            |    10 |     3 |     8 |       ||    21
 Stab: Distracted        |       |       |     1 |       ||     1
  Eat: Chunk             |     1 |     5 |    10 |       ||    16
       Fruit             |       |       |     1 |       ||     1
       Bread ration      |       |       |     1 |       ||     1
Armor: Skin              |     3 |     5 |    69 |       ||    77
Dodge: Dodged            |    20 |    32 |   144 |     3 ||   199
Block: Other             |     9 |    12 |    60 |       ||    81

Table legend:
 A = Spawn XP
 B = Non-spawn XP
 C = Spawn XP percentage of total XP
 D = Spawn monster count
 E = Non-spawn monster count
 F = Spawn count percentage of total count
 G = Total turns spent on level
                    A         B        C        D         E        F      G
               +---------+---------+-------+---------+---------+-------+---------
         Total |     562 |    4136 |  12.0 |      27 |     140 |  16.2 |  8024
               +---------+---------+-------+---------+---------+-------+---------
           D:1 |       1 |      47 |   2.1 |       1 |      24 |   4.0 |  1073
           D:2 |      43 |      22 |  66.2 |       3 |      11 |  21.4 |   633
           D:3 |       0 |     149 |   0.0 |       0 |      20 |   0.0 |   995
           D:4 |      51 |     540 |   8.6 |       4 |      26 |  13.3 |  1227
           D:5 |      34 |     125 |  21.4 |       1 |       9 |  10.0 |   425
           D:6 |     254 |    1797 |  12.4 |      14 |      26 |  35.0 |  1851
           D:7 |     131 |     590 |  18.2 |       2 |      13 |  13.3 |   924
           D:8 |      48 |     866 |   5.3 |       2 |      11 |  15.4 |   483
               +---------+---------+-------+---------+---------+-------+---------
